 Dungeon Crawl Stone Soup version 0.27-a0-869-g165b36e3f0 (webtiles) character file.

Game seed: 3225939093415273973

44 spiderkeys the Insei (level 3, -1/17 HPs)
             Began as a Vine Stalker Transmuter on Apr 3, 2021.
             Succumbed to a kobold's poison
             ... on level 2 of the Dungeon.
             The game lasted 00:01:43 (2032 turns).

spiderkeys the Insei (Vine Stalker Transmuter)      Turns: 2032, Time: 00:01:43

Health: -1/17      AC:  5    Str: 12    XL:     3   Next: 60%
Magic:  5/7        EV: 12    Int: 14    God:
Gold:   51         SH:  0    Dex: 14    Spells: 5/6 levels left

rFire    . . .     SeeInvis .     - Unarmed
rCold    . . .     Faith    .   (no shield)
rNeg     . . .     Spirit   +   a - +0 robe
rPois    .         Reflect  .   (helmet currently unavailable)
rElec    .         Harm     .   g - +2 cloak
rCorr    .         Rampage  .   (no gloves)
Will     .....                  (boots currently unavailable)
Stlth    ++........             (no amulet)
HPRegen  0.05/turn              (no ring)
MPRegen  0.10/turn              (no ring)

@: lethally poisoned (-1 -> -17), appendages
A: horns 2, talons 2, fangs 2, magic shield, antimagic bite, no potion heal 2
a: End Transformation


You were on level 2 of the Dungeon.
You had temporarily grown beastly horns and talons.
You visited 1 branch of the dungeon, and saw 2 of its levels.

You collected 51 gold pieces.

Inventory:

Missiles
 d - 3 poisoned darts
Armour
 a - a +0 robe (worn)
 g - a +2 cloak (worn)
Scrolls
 b - a scroll of noise {unknown}
 c - a scroll of silence {unknown}
 h - a scroll of identify {unknown}
Potions
 e - a potion of haste {unknown}
 f - a potion of heal wounds {unknown}


   Skills:
 - Level 0.8 Fighting
 + Level 1.9 Dodging
 * Level 2.0 Stealth
 + Level 3.2 Unarmed Combat
 + Level 2.4 Spellcasting
 * Level 2.7 Transmutations


You had 5 spell levels left.
You knew the following spells:

 Your Spells              Type           Power      Damage    Failure   Level
a - Beastly Appendage     Tmut           18%        N/A       8%          1

Your spell library contained the following spells:

 Spells                   Type           Power      Damage    Failure   Level
 Wereblood                Tmut           9%         N/A       12%         2
 Spider Form              Tmut/Pois      2%         N/A       36%         3
 Ice Form                 Ice/Tmut       5%         N/A       78%         4
 Hydra Form               Tmut           4%         N/A       91%         5


Dungeon Overview and Level Annotations

Branches:
Dungeon (2/15)

Altars:
Nemelex Xobeh


Innate Abilities, Weirdness & Mutations

You have temporarily grown beastly horns and talons.
You have extremely sharp teeth.
When hurt, damage is shared between your health and your magic reserves.
Your bite disrupts and absorbs the magic of your enemies.
Potions cannot restore your health.


Message History

You kill the adder!
You feel sick.
Your Stealth skill increases to level 2!
No target in view!
No target in view!
No target in view!
You feel sick.
You feel sick.
Your transformation is almost over.
You feel sick.
You are no longer poisoned.
Your horns disappear.
Your talons disappear.
You see here an adder corpse.
h - a scroll labelled ZUMAUV PEIRGH You open the large door.
Found 19 arrows.
No target in view!
A kobold comes into view. It is wielding a +0 whip of venom.
Found a robe.
A kobold is nearby!
A bat comes into view.
The kobold hits you with a +0 whip of venom.
You are lethally poisoned!
Found a scroll labelled UHALUA ETEEF.
There is a large open door here.
You grow a pair of large bovine horns.
Your feet morph into talons.
You feel very sick. The kobold hits you but does no damage.
You are more poisoned.
You hit the kobold.
You kill the kobold!
You feel very sick.
You are too injured to fight recklessly!
You are too injured to fight recklessly!
You are too injured to fight recklessly!
There is a lethal amount of poison in your body!
There is a lethal amount of poison in your body!
* * * LOW HITPOINT WARNING * * *
You feel very sick.
You die...

####### ≈≈§§≈≈≈ .(...§≈
b....?≈### .####
....§.§'.###....#
.....§§'.#.#.....
?....§§#.......##
..§.[§§##@.......
§§≈≈≈≈≈#.......#.
########.......#
#....#......#
###########....#..#####
.†..........####..#
.########.####....#
#########.# #.##.#
........#.####.##.#


There were no monsters in sight!

Vanquished Creatures
  An adder (D:2)
  A dart slug (D:1)
  2 endoplasms (D:1)
  3 giant cockroaches
  5 goblins
  3 hobgoblins (D:1)
  2 quokkas (D:1)
  3 ball pythons
  A bat (D:1)
  2 frilled lizards (D:1)
  4 kobolds
  3 rats
30 creatures vanquished.

Notes
Turn   | Place    | Note
-------+----------+-------------------------------------------
     0 | D:1      | spiderkeys the Vine Stalker Transmuter began the quest for
                  | the Orb.
     0 | D:1      | Reached XP level 1. HP: 9/9 MP: 4/4
   223 | D:1      | Reached skill level 1 in Stealth
   223 | D:1      | Reached XP level 2. HP: 14/14 MP: 3/6
   286 | D:1      | Found a faded altar of an unknown god.
   963 | D:1      | Reached XP level 3. HP: 7/17 MP: 2/7
  1701 | D:2      | Found a sparkling altar of Nemelex Xobeh.
  2032 | D:2      | Succumbed to a kobold's poison

Illustrated notes

Levels and vault maps discovered:
D:1:      elethiomel_arrival_infinity_welcomes_careful_drivers, layout_basic,
          ebering_ecumenical_altar_ruins
D:2:      layout_rooms, basic_altar, minivault_24, kennysheep_generic_room_6

Skill      XL: |  1  2  3 |
---------------+----------+-----
Stealth        | 1 2 |  2.0
Fighting       | |  0.8
Dodging        | |  1.9
Unarmed Combat | |  3.2
Spellcasting   | |  2.4
Transmutations | |  2.7

Action                   || total
-------------------------++-------
Melee: Unarmed           ||    69
       Kick              ||    10
       Bite              ||     7
       Headbutt          ||     5
       Punch             ||     2
 Cast: Beastly Appendage ||    23
  Use: Scroll            ||     1
 Stab: Sleeping          ||     3
Armor: Robe              ||     8
Dodge: Dodged            ||    39

Table legend: (Time is in decaauts)
 A = Elapsed time spent in this place.
 B = Non-inter-level travel time spent in this place.
 C = Inter-level travel time spent in this place.
 D = Time resting spent in this place.
 E = Time spent auto-exploring this place.
 F = Levels seen in this place.
 G = Mean time per level.
                   A        B        C        D        E       F      G
               +--------+--------+--------+--------+--------+-----+--------+
         Total |   2028 |   2004 |     24 |      0 |   1789 |   2 | 1014.0 |
       Dungeon |   2028 |   2004 |     24 |      0 |   1789 |   2 | 1014.0 |
               +--------+--------+--------+--------+--------+-----+--------+

Top non-repeatable levels by time:
     D:1: 1572 daAuts
     D:2: 455 daAuts
